 Dungeon Crawl Stone Soup version 0.25-a0-346-g140ab784a8 (webtiles) character file.

Game seed: 7992153948176870604, levelgen mode: deterministic

625 BritishOli the Slasher (level 7, -10/53 HPs)
             Began as a Demonspawn Gladiator on Jan 1, 2020.
             Was a Follower of Okawaru.
             Mangled by an orc warrior
             ... wielding a +0 war axe
              (12 damage)
             ... on level 6 of the Dungeon.
             The game lasted 00:04:40 (2897 turns).

BritishOli the Slasher (Demonspawn Gladiator)       Turns: 2897, Time: 00:04:40

Health: -10/53     AC: 12    Str: 22    XL:     7   Next: 23%
Magic:  0/7        EV: 17    Int:  9    God:    Okawaru [*.....]
Gold:   114        SH:  0    Dex: 14    Spells: 6/6 levels left

rFire    + . .     SeeInvis .   a - +0 long sword
rCold    . . .     Gourm    .   (no shield)
rNeg     . . .     Faith    .   t - +3 scale mail {rF+}
rPois    .         Spirit   +   c - +0 helmet
rElec    .         Reflect  .   (no cloak)
rCorr    +         Harm     .   (no gloves)
MR       .....                  (no boots)
Stlth    ++........             q - amulet of guardian spirit
HPRegen  0.17/turn              g - ring of resist corrosion
MPRegen  0.10/turn              o - +5 ring of strength

@: heroism
A: repulsion field 1, magic shield
a: Heroism, Renounce Religion


You were on level 6 of the Dungeon.
You worshipped Okawaru.
Okawaru was aware of your devotion.
You were hungry.

You visited 1 branch of the dungeon, and saw 6 of its levels.

You collected 114 gold pieces.

Inventory:

Hand Weapons
 a - a +0 long sword (weapon)
Missiles
 d - 3 throwing nets (quivered)
Armour
 c - a +0 helmet (worn)
 t - a +3 scale mail of fire resistance (worn)
Jewellery
 g - a ring of resist corrosion (left hand)
 n - an uncursed ring of flight
 o - a +5 ring of strength (right hand)
 q - an amulet of guardian spirit (around neck)
Scrolls
 b - a scroll of teleportation {unknown}
 e - a scroll of fear {unknown}
 j - 2 scrolls of remove curse {unknown}
 l - 2 scrolls of noise {unknown}
 m - 6 scrolls of identify {unknown}
 r - a scroll of magic mapping {unknown}
 u - a scroll of random uselessness {unknown}
Potions
 i - a potion of mutation {unknown}
 k - a potion of resistance {unknown}
 p - a potion of cancellation {unknown}
 s - a potion of brilliance {unknown}
Comestibles
 f - 6 rations


   Skills:
 + Level 3.9(8.9) Fighting
 * Level 5.2(10.2) Long Blades
 - Level 2.0(7.0) Throwing
 + Level 2.8(7.8) Armour
 + Level 4.1(9.1) Dodging


You had 6 spell levels left.
You didn't know any spells.
Your spell library was empty.

Dungeon Overview and Level Annotations

Branches:
Dungeon (6/15)
 Temple: D:4-7

Altars:
Fedhas
Gozag
Nemelex Xobeh
Okawaru
The Shining One

Annotations:
D:4 Menkaure
D:5 Prince Ribbit


Innate Abilities, Weirdness & Mutations

You are surrounded by a mild repulsion field. (EV +2)
When hurt, damage is shared between your health and your magic reserves.


Message History

The orc warrior is moderately wounded.
You gain the combat prowess of a mighty hero.
The orc wizard mumbles some strange words.
The orc wizard flickers and vanishes!
Deactivating autopickup; reactivate with Ctrl-A.
The orc warrior hits you with a +0 war axe!
* * * LOW HITPOINT WARNING * * *
You hit the orc warrior.
The orc warrior is heavily wounded.
You hit the orc warrior but do no damage.
The orc warrior is heavily wounded.
The orc warrior misses you.
You hit the orc warrior but do no damage.
The orc warrior is heavily wounded.
The orc warrior hits you with a +0 war axe.
* * * LOW HITPOINT WARNING * * *
You hit the orc warrior.
The orc warrior is heavily wounded.
The orc warrior hits you with a +0 war axe!
You die...

## #.###...###.#
#.###...# # #.......###.#
######......# ##...#### #
## ##.....## .# .##
##.......## >.##.
..####.........####......
.....'.........'@o{......
..####.........####...##.
.## ##.......## .## ##
##.....## # # ##...## #
##'## # #.# # #.# # ##.##


You could see an orc warrior.

Vanquished Creatures
  Sigmund (D:3)
  An ogre (D:6)
  2 bullfrogs (D:6)
  A scorpion (D:4)
  Terence (D:3)
  A worker ant zombie (D:5)
  7 adders
  A shadow imp (D:5)
  4 worms
  A leopard gecko (D:4)
  7 orcs
  10 bats
  8 giant cockroaches
  8 goblins
  7 hobgoblins
  4 jackals
  7 kobolds
  3 quokkas (D:3)
  A ball python (D:3)
  2 frilled lizards (D:2)
  5 rats
82 creatures vanquished.

Notes
Turn   | Place    | Note
-------+----------+-------------------------------------------
     0 | D:1      | BritishOli the Demonspawn Gladiator began the quest for the
                  | Orb.
     0 | D:1      | Reached XP level 1. HP: 16/16 MP: 1/1
    77 | D:1      | Gained mutation: When hurt, damage is shared between your
                  | health and your magic reserves. [demonic ancestry]
    77 | D:1      | Reached XP level 2. HP: 10/22 MP: 2/2
   423 | D:1      | Reached skill level 3 in Long Blades
   605 | D:2      | Gained mutation: You are surrounded by a mild repulsion
                  | field. (EV +2) [demonic ancestry]
   605 | D:2      | Reached XP level 3. HP: 26/28 MP: 3/3
   797 | D:2      | Reached skill level 1 in Armour
  1131 | D:2      | Reached XP level 4. HP: 30/34 MP: 4/4
  1402 | D:2      | Found a glowing golden altar of the Shining One.
  1512 | D:2      | Found a sparkling altar of Nemelex Xobeh.
  1660 | D:3      | Found an iron altar of Okawaru.
  1662 | D:3      | Found a blossoming altar of Fedhas.
  1662 | D:3      | Found an opulent altar of Gozag.
  1669 | D:3      | Became a worshipper of Warmaster Okawaru
  1705 | D:3      | Found a faded altar of an unknown god.
  1859 | D:3      | Noticed Sigmund
  2027 | D:3      | Noticed Terence
  2110 | D:3      | Killed Terence
  2110 | D:3      | Reached XP level 5. HP: 16/40 MP: 5/5
  2579 | D:3      | Killed Sigmund
  2579 | D:3      | Reached * piety under Okawaru
  2579 | D:3      | Reached skill level 4 in Long Blades
  2579 | D:3      | Reached XP level 6. HP: 43/47 MP: 6/6
  2713 | D:4      | Noticed Menkaure
  2752 | D:5      | Entered Level 5 of the Dungeon
  2773 | D:5      | Noticed Prince Ribbit
  2855 | D:6      | Reached skill level 5 in Long Blades
  2855 | D:6      | Reached XP level 7. HP: 49/53 MP: 7/7
  2896 | D:6      | HP: 2/53 [orc warrior/+0 war axe (4)]
  2897 | D:6      | Mangled by an orc warrior

Levels and vault maps discovered:
D:1:      dpeg_arrival_orchard, layout_rooms, minmay_indecisive_spiral
D:2:      layout_loops_ring, lemuel_coloured_pillars_altar,
          nicolae_overflow_hidden_temple, minmay_tromino_mix6
D:3:      layout_loops_ring, grunt_temple_overflow_open,
          chequers_ecumenical_altar_island, uniq_terence, uniq_sigmund
D:4:      layout_rooms, nicolae_ru_awakened_eye, minitemple, first_ration,
          uniq_menkaure
D:5:      layout_cave_pools, ebering_ghost_inner_flame, serial_shops,
          nicolae_shop_stone, uniq_prince_ribbit1
D:6:      layout_loops_corners, serial_shops, shop, uniq_duvessa

Skill      XL: |  1  2  3  4  5  6 |
---------------+-------------------+-----
Throwing       | 2 |  2.0
Long Blades    | 3 4 5 |  5.2
Dodging        | 3 4 |  4.1
Armour         | 1 2 |  2.8
Fighting       | 3 |  3.9

Action                   |  1- 3 |  4- 6 |  7- 9 || total
-------------------------+-------+-------+-------++-------
Melee: Long sword        |    97 |   131 |    18 ||   246
       Unarmed           |       |    34 |       ||    34
Throw: Throwing net      |       |     3 |       ||     3
Invok: Heroism           |       |       |     1 ||     1
  Eat: Ration            |       |     1 |       ||     1
       Chunk             |       |     3 |       ||     3
Armor: Leather armour    |    10 |       |       ||    10
       Scale mail        |    41 |    51 |     3 ||    95
Dodge: Dodged            |    87 |   133 |     9 ||   229
       Rpst.: Long sword |    31 |    34 |     4 ||    69

Table legend:
 A = Non-vault XP
 B = Vault XP
 C = Vault XP percentage of total XP
 D = Non-vault monster count
 E = Vault monster count
 F = Vault count percentage of total count
                 A         B        C        D         E       F
            +---------+---------+-------+---------+---------+-------
      Total |     609 |     285 |  31.9 |      73 |       9 |  11.0
            +---------+---------+-------+---------+---------+-------
        D:1 |      19 |       8 |  29.6 |      13 |       4 |  23.5
        D:2 |      60 |      12 |  16.7 |      17 |       3 |  15.0
        D:3 |      91 |     265 |  74.4 |      27 |       2 |   6.9
        D:4 |      75 |       0 |   0.0 |       2 |       0 |   0.0
        D:5 |      43 |       0 |   0.0 |       4 |       0 |   0.0
        D:6 |     321 |       0 |   0.0 |      10 |       0 |   0.0
            +---------+---------+-------+---------+---------+-------
